 Dungeon Crawl Stone Soup version 0.17-a0-229-g5ae695d (webtiles) character file.

878 inmateoo the Sneak (level 7, -8/36 HPs)
             Began as a Spriggan Assassin on Mar 29, 2015.
             Was a Follower of Okawaru.
             Killed from afar by a deep elf mage (24 damage)
             ... with a fireball
             ... on level 5 of the Dungeon.
             The game lasted 00:10:51 (4622 turns).

inmateoo the Sneak (Spriggan Assassin)              Turns: 4622, Time: 00:10:51

Health: -8/36      AC:  6    Str:  7    XL:     7   Next: 75%
Magic:  14/39      EV: 22    Int: 12    God:    Okawaru [*.....]
Gold:   16         SH:  0    Dex: 20    Spells: 0 memorised, 14 levels left

rFire  . . .     SeeInvis +     o - lantern of shadows
rCold  . . .     Clarity  .     c - +1 robe
rNeg   . . .     SustAb   .     (shield restricted)
rPois  .         Gourm    .     (helmet restricted)
rElec  .         Spirit   .     n - +2 cloak
rCorr  .         Warding  .     (gloves unavailable)
rMut   .         Stasis   .     (boots unavailable)
MR     +....                    (no amulet)
Stlth  ..........               q - ring of magical power
                                r - ring of magical power

@: very quick, somewhat resistant to hostile enchantments, extremely unstealthy
A: unfitting armour, see invisible, herbivore 3, speed 3, slow metabolism 2,
wild magic 1
a: Heroism, Renounce Religion


You were on level 5 of the Dungeon.
You worshipped Okawaru.
Okawaru was aware of your devotion.
You were not hungry.

You visited 2 branches of the dungeon, and saw 6 of its levels.
You also visited: Sewer.

You collected 256 gold pieces.
You spent 240 gold pieces at shops.

Inventory:

Hand weapons
 a - a +3 dagger of venom
 b - a +0 blowgun
Missiles
 e - 30 poisoned needles
 f - 6 curare-tipped needles
Armour
 c - a +1 robe (worn)
 n - a +2 cloak (worn)
Jewellery
 q - a ring of magical power (right hand)
 r - a ring of magical power (left hand)
Scrolls
 h - 5 scrolls of teleportation
 i - 2 scrolls of recharging
 k - 3 scrolls of remove curse
 l - a scroll of enchant weapon
Potions
 d - 2 potions of mutation {unknown}
 j - a potion of invisibility {unknown}
 m - 2 potions of haste
 s - 7 potions of flight {unknown}
 t - 3 potions of might {unknown}
 v - 3 potions of brilliance {unknown}
 w - 3 potions of curing
Miscellaneous
 o - a lantern of shadows (in hand)
Comestibles
 g - 5 bread rations


   Skills:
 + Level 3.4 Fighting
 * Level 5.8 Short Blades
 - Level 2.1 Throwing
 + Level 5.3 Dodging
 + Level 7.9 Stealth
 + Level 4.0 Spellcasting


You had 14 spell levels left.
You didn't know any spells.

Dungeon Overview and Level Annotations

Branches:
Dungeon (5/15)             Temple (1/1) D:4

Altars:
Ashenzari
Dithmenos
Elyvilon
Fedhas
Kikubaaqudgha
Makhleb
Nemelex Xobeh
Okawaru
Sif Muna
Trog
Vehumet
Xom
Yredelemnul
Zin
The Shining One

Shops:
D:5 }

Annotations:
D:3 Grinder


Innate Abilities, Weirdness & Mutations

You are tiny and cannot use many weapons and most armour.
You have supernaturally acute eyesight.
You are a herbivore.
You cover ground extremely quickly.
You need consume almost no food.
Your spells are a little harder to cast, but a little more powerful.


Message History

You are covered in liquid flames!
You are covered in liquid flames!
You are covered in liquid flames!
You are covered in liquid flames!
You are covered in liquid flames!
You are covered in liquid flames!
You are covered in liquid flames!
Your shadow hits the deep elf mage!
You are covered in liquid flames!
Your shadow hits the deep elf mage!
You are covered in liquid flames!
The deep elf mage hits your shadow with a short sword.
Your shadow slips into darkness.
Your shadow flickers and vanishes for a moment.
Your shadow hits the deep elf mage.
The deep elf mage casts a spell at your shadow.
The fireball explodes!
The fireball engulfs your shadow. The fireball engulfs you!
Ouch! That really hurt!
You die...

#.##.####.⌠.⌠.# #... #.
#.##........#.# ##..# #...
##.##..........## #..# ...#
#..#..###.......###.##..#
....(## ####...........# .....#
##.#.†...####### .....#
#....#.......... .....#
####..(...########## ....##
##......@#.♣.........
#..######........WeW#########
######....#####...♣∩♣###
#.........####.......##########
#................♣....e..e..e..
#.>.).....####.......##########
####...#### ######### #####


You could see a deep elf mage and 2 friendly shadows.

Vanquished Creatures
  A necrophage (D:5)
  2 ogres
  A centaur (D:5)
  2 big kobolds (Sewer)
  2 scorpions
  An orc wizard (D:5)
  2 worker ants (D:4)
  A centaur skeleton (D:4)
  7 adders
  A giant mite (D:3)
  2 worms
  An adder skeleton (D:4)
  5 giant geckos
  2 oozes
  3 orcs (D:5)
  10 bats
  A bat skeleton (D:4)
  6 giant cockroaches
  9 hobgoblins
  2 quokkas
  3 ball pythons (Sewer)
  7 giant newts
  13 goblins
  4 jackals (D:4)
  20 kobolds
  15 rats
  A plant (Sewer)
124 creatures vanquished.

Vanquished Creatures (collateral kills)
  A jelly (D:5)
1 creature vanquished.

Vanquished Creatures (others)
  A plant (D:5)
1 creature vanquished.

Grand Total: 126 creatures vanquished

Notes
Turn   | Place    | Note
--------------------------------------------------------------
     0 | D:1      | inmateoo, the Spriggan Assassin, began the quest for the Orb.
     0 | D:1      | Reached XP level 1. HP: 10/10 MP: 2/2
   437 | D:1      | Reached XP level 2. HP: 14/14 MP: 4/4
   488 | D:1      | Reached skill level 6 in Stealth
   728 | D:1      | Reached skill level 1 in Spellcasting
   958 | D:2      | Reached XP level 3. HP: 13/18 MP: 7/7
  1200 | D:2      | Found a shadowy altar of Dithmenos.
  1588 | D:3      | Noticed Grinder
  1625 | D:3      | Reached XP level 4. HP: 23/23 MP: 10/10
  1911 | D:3      | Found a bloodstained altar of Trog.
  1920 | D:3      | Found a glowing drain.
  2006 | Sewer    | Entered a sewer
  2175 | Sewer    | Noticed a big kobold
  2176 | Sewer    | Noticed a big kobold
  2200 | Sewer    | Killed a big kobold
  2200 | Sewer    | Reached XP level 5. HP: 27/27 MP: 12/14
  2235 | Sewer    | Killed a big kobold
  2593 | D:3      | Gained mutation: Your spells are a little harder to cast, but a little more powerful. [potion of beneficial mutation]
  3114 | D:4      | Found a white marble altar of Elyvilon.
  3142 | D:4      | Found a staircase to the Ecumenical Temple.
  3148 | D:4      | Noticed an ogre
  3170 | D:4      | Killed an ogre
  3170 | D:4      | Reached skill level 7 in Stealth
  3170 | D:4      | Reached XP level 6. HP: 32/32 MP: 15/17
  3215 | Temple   | Entered the Ecumenical Temple
  3299 | Temple   | Became a worshipper of Warmaster Okawaru
  3866 | D:5      | Entered Level 5 of the Dungeon
  4136 | D:5      | Found a glowing silver altar of Zin.
  4140 | D:5      | Found a blossoming altar of Fedhas.
  4152 | D:5      | Reached skill level 5 in Short Blades
  4169 | D:5      | Reached XP level 7. HP: 21/36 MP: 20/20
  4283 | D:5      | Found a burning altar of Makhleb.
  4314 | D:5      | Found a sparkling altar of Nemelex Xobeh.
  4350 | D:5      | Acquired Okawaru's first power
  4458 | D:5      | Found Amunkan's Gadget Boutique.
  4476 | D:5      | Reached skill level 5 in Dodging
  4512 | D:5      | Bought a lantern of shadows for 240 gold pieces
  4576 | D:5      | Noticed a deep elf mage
  4622 | D:5      | Killed from afar by a deep elf mage

Action                   |  1- 3 |  4- 6 |  7- 9 || total
-------------------------+-------+-------+-------++-------
Melee: Dagger            |   111 |   155 |    63 ||   329
       Short sword       |       |   119 |       ||   119
 Fire: Blowgun           |     8 |    37 |     2 ||    47
Invok: Heroism           |       |       |     1 ||     1
  Use: Scroll            |       |    10 |       ||    10
       Potion            |       |     1 |       ||     1
 Stab: Sleeping          |     9 |    23 |       ||    32
       Distracted        |     1 |       |       ||     1
  Eat: Pizza             |       |     1 |       ||     1
